AoeStats
← 客官

Nomad

508009244Analyzed
4v4 RM · 13d ago on Sep 20, 2026· 39m 30s· 8 players
Game mode
Random Map
Map size
231×231
Population
200
Speed
Normal
Resources
Standard
Victory
Conquest
Starting age
Dark Age
Ending age
Imperial Age
RankedLock teamsTeams togetherTeam positionsShared explorationLock speedFull tech treeHidden civsTurbo modeCheats
Victory
Defeat
🇦🇷 Burgundians · Argentina
1413
+11
🇨🇳 Burmese · China
1372
+13
🇪🇨 Koreans · Ecuador
1333
+15
🇨🇳 Bohemians · China
1259
+18
🇬🇧 Vietnamese · United Kingdom
1417
-19
🇺🇸 Malians · United States
1286
-13
🇦🇺 Lithuanians · Australia
1266
-13
🇩🇪 Jurchens · Germany
1243
-12
[ECU] PALADINFRANCO
3:24 Loom
13:22 Feudal Age
23:19 Castle Age
25:02 Wheelbarrow
24:21 Fletching
36:18 Bodkin Arrow
客官
5:38 Loom
12:20 Feudal Age
14:26 Wheelbarrow
17:18 Castle Age
16:38 Stone Mining
16:43 Horse Collar
16:56 Gold Mining
19:05 Padded Archer Armor
19:03 Fletching
19:15 Town Watch
21:13 Gold Shaft Mining
26:30 Husbandry
26:41 Bloodlines
30:36 Hand Cart
30:24 Heavy Plow
35:32 Imperial Age
35:07 Manipur Cavalry
35:05 Bodkin Arrow
35:19 Scale Barding Armor
35:38 Elite Arambai
37:30 Conscription
37:18 Bracer
38:32 Ballistics
39:17 Chemistry
39:32 Howdah
39:44 Forging
2307972140
8:56 Loom
12:50 Feudal Age
11:39 Double-Bit Axe
11:55 Fishing Lines
16:13 Bow Saw
17:11 Wheelbarrow
16:27 Gold Mining
17:08 Gillnets
21:51 Castle Age
20:23 Horse Collar
23:36 Two-Man Saw
24:15 Medium Warships
26:07 Heavy Plow
26:34 Hand Cart
27:02 Town Watch
30:09 Gold Shaft Mining
29:36 Husbandry
29:44 Cavalier
31:58 Scale Barding Armor
32:03 Forging
33:31 Chain Barding Armor
34:07 Forging
35:41 Iron Casting
FM
19:12 Feudal Age
19:46 Double-Bit Axe
20:22 Fishing Lines
24:02 Castle Age
23:41 Wheelbarrow
24:15 Scale Mail Armor
24:07 Pikeman
25:14 Forging
25:23 Bow Saw
32:00 Imperial Age
31:07 Chemistry
31:51 Hand Cart
31:48 Fervor
33:09 Siege Engineers
36:42 Two-Man Saw
35:50 Elite Cannon Galleon
WhY.So.SeRiOuS
4:36 Loom
14:07 Feudal Age
15:10 Double-Bit Axe
18:07 Castle Age
18:10 Scale Mail Armor
18:37 Stone Mining
19:10 Chain Mail Armor
19:25 Bow Saw
19:40 Gold Mining
22:47 Horse Collar
28:59 Heavy Plow
30:37 Wheelbarrow
31:08 Forging
30:57 Fletching
32:31 Gold Shaft Mining
33:03 Ballistics
32:52 Bodkin Arrow
36:04 Imperial Age
34:41 Iron Casting
34:58 Scale Barding Armor
35:04 Bloodlines
34:55 Husbandry
36:53 Chain Barding Armor
36:15 Heavy Camel Rider
38:12 Farimba
39:41 Conscription
40:26 Plate Barding Armor
LuG_
3:58 Loom
13:54 Feudal Age
18:34 Castle Age
16:35 Fishing Lines
16:57 Fletching
26:42 Bodkin Arrow
KingDiss
5:53 Loom
15:30 Feudal Age
19:13 Gold Mining
22:48 Castle Age
22:44 Stone Mining
23:04 Scale Barding Armor
24:32 Fletching
28:22 Horse Collar
32:17 Double-Bit Axe
35:55 Bodkin Arrow
37:15 Fortified Bastions
39:09 Masonry
39:21 Ballistics
40:05 Medium Warships
de
6:23 Loom
12:14 Feudal Age
19:25 Castle Age
27:37 Double-Bit Axe
27:36 Horse Collar
29:05 Bow Saw
32:09 Scale Barding Armor
32:12 Gold Mining
Connection lost

Rejoining the realm…

Still unreachable

The connection could not be restored.

Session expired

The server has moved on; the page needs a fresh start.